cohdb
Replays
Latest Replays
All Replays
Popular Replays
Top Player Replays
Match Explorer
How It Works
Community
CoH3 Stats
Reddit
Sign in to upload your games and track your stats! →
Sign in with Steam
Match 40960448
Unlisted
Match 40960448
Overview
Messages
Build Orders
End
Selects Italian Coastal Battlegroup
Selects Coastal Reserves
Coastal Reserve
Construct Infanterie Kompanie
MG 42 Machine Gun Team
Coastal Reserve
Construct Luftwaffe Kompanie
Medical Bunker
Jäger Squad
Jäger Squad
Luftwaffe Officer Quarters
Selects Support Bunkers
Selects Designated Artillery Overwatch
Designated Artillery Overwatch
Flak 30 Anti-aircraft Gun Team
Jäger Squad
Selects Artillery Officer
Jäger Squad
Designated Artillery Overwatch
Selects Obice da 210/22 Artillery Emplacement
Jäger Squad
Medical Bunker
MG 42 Bunker
Selects Bulwark
MG 42 Bunker
Anti-tank Bunker
Jäger Squad
Jäger Squad
Jäger Squad
Artillery Officer
Designated Artillery Overwatch
Anti-tank Bunker
Jäger Squad
Earthdog
JIANHU
TIAmoRoselia.
h4sjohnson
TheMallis
Dumpster Bob
PlammX
Bruckley
0
0
Comments
sign in to comment!
No comments posted yet!